 Dungeon Crawl Stone Soup version 0.24.1-14-gf8d2b509d9 (webtiles) character file.

Game seed: 363882334703341070, levelgen mode: deterministic

1659 raph the Slicer (level 9, -1/57 HPs)
             Began as a Halfling Berserker on May 20, 2020.
             Was an Elder of Trog.
             Slain by a centaur (7 damage)
             ... on level 6 of the Dungeon.
             The game lasted 00:12:20 (6537 turns).

raph the Slicer (Halfling Berserker)                Turns: 6537, Time: 00:12:21

Health: -1/57      AC: 11    Str: 18    XL:     9   Next: 20%
Magic:  9/9        EV:  9    Int:  5    God:    Trog [****..]
Gold:   247        SH:  0    Dex: 17    Spells: 8/8 levels left

rFire    . . .     SeeInvis .   a - +1 short sword
rCold    + . .     Gourm    .   (shield restricted)
rNeg     . . .     Faith    .   v - +0 plate armour
rPois    .         Spirit   .   (no helmet)
rElec    .         Reflect  .   (no cloak)
rCorr    .         Harm     .   (no gloves)
MR       ++...                  (no boots)
Stlth    ..........             (no amulet)
HPRegen  1.19/turn              x - ring of protection from cold
MPRegen  0.11/turn              o - ring of flight

@: berserk cooldown, regenerating
A: small, mutation resistance 1
a: Berserk, Trog's Hand, Brothers in Arms, Renounce Religion, Evoke Flight


You were on level 6 of the Dungeon.
You worshipped Trog.
Trog was greatly pleased with you.
You were hungry.

You visited 1 branch of the dungeon, and saw 6 of its levels.
You also visited: Ossuary.

You collected 247 gold pieces.

Inventory:

Hand Weapons
 a - a +1 short sword (weapon)
 b - a +1 hunting sling
Missiles
 i - 93 stones (quivered)
 k - 2 boomerangs
 q - 3 atropa-tipped darts
 E - 43 sling bullets
Armour
 f - a +1 chain mail
 v - a +0 plate armour (worn)
Jewellery
 o - a ring of flight (right hand)
 x - a ring of protection from cold (left hand)
Wands
 C - a wand of acid (6)
Scrolls
 d - 7 scrolls of identify
 g - a scroll of immolation
 h - 3 scrolls of remove curse
 s - a scroll of magic mapping
 t - 2 scrolls of teleportation
Potions
 e - 2 potions of ambrosia {unknown}
 l - 3 potions of degeneration {unknown}
 m - 2 potions of mutation {unknown}
 n - a potion of magic {unknown}
 p - 3 potions of flight {unknown}
 r - 2 potions of lignification {unknown}
 w - 3 potions of agility {unknown}
 z - 2 potions of brilliance {unknown}
 A - a potion of berserk rage {unknown}
 B - a potion of might {unknown}
 D - a potion of invisibility {unknown}
 F - 2 potions of curing {unknown}
Comestibles
 c - 7 rations
 j - 4 chunks of flesh


   Skills:
 + Level 3.4 Fighting
 - Level 12.1 Short Blades
 + Level 3.3 Armour
 + Level 3.3 Dodging
 + Level 2.4 Stealth


You had 8 spell levels left.
You didn't know any spells.
Your spell library was empty.

Dungeon Overview and Level Annotations

Branches:
Dungeon (6/15)            Ossuary (visited)
 Temple: D:4-7

Altars:
Fedhas
Makhleb
Okawaru
Qazlal
Vehumet
Zin

Annotations:
D:3 2 transporters
D:6 Menkaure


Innate Abilities, Weirdness & Mutations

You are small and have problems with some larger weapons.
You are somewhat resistant to further mutation.


Message History

You feel yourself speed up.
As you read the scroll of fear, it crumbles to dust.
You assume a fearsome visage.
The gnoll looks frightened!
The centaur unwields a +0 shortbow.
The centaur completely misses you.
You hit the centaur but do no damage.
The centaur is moderately wounded.
The centaur barely misses you. The gnoll completely misses you.
You hit the centaur.
The centaur is heavily wounded.
The centaur hits you but does no damage.
Your skin crawls.
You feel resistant to hostile enchantments.
You are feeling hungry.
The centaur hits you but does no damage.
The gnoll hits you from afar with a +0 halberd.
* * * LOW HITPOINT WARNING * * *
You fail to use your ability.
The centaur hits you.
* * * LOW HITPOINT WARNING * * *
The centaur hits you!
You die...

.............#
..........g.##
.........(g.# ........(#c##
.......)#.g####
.......)#.###.##
......(#g.##...##
#.....##(##.....##
####.##((#c@.....##
####.#g........## #
#.............# #
#...............##
..................#
...................####
...g.#................#####
....##.....................
... #..........####.......


You could see a centaur and 2 gnolls.

Vanquished Creatures
  An orc warrior (D:5)
  A sky beast (D:6)
  5 ogres
  2 centaurs
  2 howler monkeys (D:4)
  2 crimson imps
  3 orc priests
  Terence (D:2)
  Natasha (thrice) (D:3)
  2 iguanas
  5 orc wizards
  4 worker ants (D:4)
  2 hound skeletons
  4 mummies
  A worker ant zombie (D:5)
  A gnoll (D:1)
  8 adders
  An ooze (D:1)
  2 adder zombies (Ossuary)
  2 adder skeletons (D:4)
  2 worms
  5 leopard geckos
  12 orcs
  A ball python (D:1)
  6 bats
  3 giant cockroaches
  2 gnoll zombies (Ossuary)
  7 goblins
  6 hobgoblins
  3 quokkas
  4 frilled lizards
  5 goblin zombies
  A hobgoblin zombie (Ossuary)
  4 kobolds
  4 kobold zombies
  4 quokka zombies (Ossuary)
  11 rats
  2 rat zombies (Ossuary)
134 creatures vanquished.

Notes
Turn   | Place    | Note
-------+----------+-------------------------------------------
     0 | D:1      | raph the Halfling Berserker began the quest for the Orb.
     0 | D:1      | Reached XP level 1. HP: 15/15 MP: 1/1
    77 | D:1      | Reached skill level 4 in Short Blades
    77 | D:1      | Reached XP level 2. HP: 20/20 MP: 2/2
   180 | D:1      | Reached XP level 3. HP: 23/25 MP: 3/3
   298 | D:1      | Reached skill level 5 in Short Blades
   371 | D:1      | Found an iron altar of Okawaru.
   493 | D:1      | Reached ** piety under Trog
   845 | D:2      | Found a radiant altar of Vehumet.
   863 | D:2      | Reached XP level 4. HP: 30/30 MP: 4/4
  1252 | D:2      | Noticed Terence
  1257 | D:2      | Killed Terence
  1257 | D:2      | Reached skill level 6 in Short Blades
  1318 | D:2      | Reached XP level 5. HP: 35/35 MP: 5/5
  2122 | D:3      | Noticed Natasha
  2129 | D:3      | Killed Natasha
  2129 | D:3      | Reached skill level 7 in Short Blades
  2187 | D:3      | Noticed Natasha
  2192 | D:3      | Killed Natasha
  2194 | D:3      | Found a burning altar of Makhleb.
  2208 | D:3      | Found a blossoming altar of Fedhas.
  2342 | D:3      | Found a transporter.
  2345 | D:3      | Found a glowing silver altar of Zin.
  2361 | D:3      | Noticed an orc warrior
  2363 | D:3      | Noticed a big kobold
  2364 | D:3      | Found a transporter.
  2425 | D:3      | Reached *** piety under Trog
  2434 | D:3      | Noticed Natasha
  2440 | D:3      | Killed Natasha
  2440 | D:3      | Reached XP level 6. HP: 41/41 MP: 6/6
  2777 | D:4      | Reached skill level 8 in Short Blades
  3137 | D:4      | Noticed an ogre
  3143 | D:4      | Killed an ogre
  3143 | D:4      | Reached XP level 7. HP: 29/45 MP: 7/7
  3305 | D:4      | Found a stormy altar of Qazlal.
  3355 | D:4      | Reached skill level 9 in Short Blades
  3862 | D:4      | Reached skill level 10 in Short Blades
  3871 | D:4      | Reached XP level 8. HP: 51/51 MP: 8/8
  4217 | D:4      | Reached skill level 11 in Short Blades
  4681 | D:5      | Entered Level 5 of the Dungeon
  4988 | D:5      | Found a sand-covered staircase.
  5068 | Ossuary  | Entered an ossuary
  5214 | Ossuary  | Reached **** piety under Trog
  5564 | D:5      | Reached skill level 12 in Short Blades
  6189 | D:6      | Noticed Menkaure
  6229 | D:6      | Reached skill level 1 in Stealth
  6470 | D:6      | Reached XP level 9. HP: 56/56 MP: 9/9
  6537 | D:6      | Slain by a centaur

Levels and vault maps discovered:
D:1:      sevenhm_arrival_forest_fort_small_4, layout_loops_ring,
          okawaru_ov_weapons_minmay
D:2:      layout_loops_ring, vehumet_crystals, uniq_terence
D:3:      layout_loops_cross, gammafunk_temple_overflow_arena,
          chequers_temple_overflow_statue_of_worship, grunt_ministairs_13,
          uniq_natasha
D:4:      minmay_bubble_buster, layout_loops_ring, grunt_qazlal_clouds,
          first_ration
D:5:      layout_layer_cave, nicolae_ossuary_entry_giza
D:6:      layout_cave_pods, uniq_menkaure

Skill      XL: |  1  2  3  4  5  6  7  8  9 |
---------------+----------------------------+-----
Short Blades   | 4 5 6 7 8 10 12 | 12.1
Stealth        | 1 2 |  2.4
Fighting       | 3 |  3.4
Armour         | 3 |  3.3
Dodging        | 3 |  3.3

Action                   |  1- 3 |  4- 6 |  7- 9 || total
-------------------------+-------+-------+-------++-------
Melee: Short sword       |   120 |   151 |   350 ||   621
Invok: Berserk           |     1 |     8 |    10 ||    19
       Trog's Hand       |       |       |     1 ||     1
  Use: Scroll            |     3 |     3 |     6 ||    12
  Eat: Chunk             |       |    14 |    14 ||    28
       Ration            |       |       |     2 ||     2
Armor: Animal skin       |     5 |       |       ||     5
       Chain mail        |    27 |    42 |    31 ||   100
       Plate armour      |       |       |    46 ||    46
Dodge: Dodged            |    72 |    56 |   105 ||   233
